 Dungeon Crawl Stone Soup version 0.30.0-5-g1a98f26d00 (webtiles) character file.

Game seed: 4422352598748307024

1 Esekla the Grave Robber (level 1, -1/13 HPs)
             Began as a Formicid Necromancer on May 8, 2023.
             Slain by a quokka (5 damage)
             ... on level 1 of the Dungeon.
             The game lasted 00:01:14 (130 turns).

Esekla the Grave Robber (Formicid Necromancer)       Turns: 130, Time: 00:01:14

Health: -1/13      AC:  2    Str: 12    XL:     1   Next: 22%
Magic:  3/3        EV: 12    Int: 14    God:
Gold:   14         SH:  0    Dex: 14    Spells: 3/4 levels left

rFire   . . .        i - staff of poison
rCold   . . .        (no shield)
rNeg    . . .        a - +0 robe
rPois   +            (helmet unavailable)
rElec   .            (no cloak)
rCorr   .            (no gloves)
SInv    +            (no boots)
Will    .....        (no amulet)
Stlth   ++           (no ring)
HPRegen 0.22/turn    (no ring)
MPRegen 0.08/turn

%: no passive effects
@: no status effects
A: permanent stasis, dig shafts and tunnels, antennae 3, four strong arms
a: Dig, Shaft Self


You were on level 1 of the Dungeon.
You visited 1 branch of the dungeon, and saw 1 of its levels.

You collected 14 gold pieces.

Inventory:

Missiles
 d - 4 boomerangs
Armour
 a - a +0 robe (worn)
Magical Staves
 i - a staff of poison (weapon)
Scrolls
 f - a scroll of blinking {unknown}
 h - a scroll of immolation {unknown}
Potions
 b - a potion of magic
 c - a potion of ambrosia {unknown}
 e - a potion of cancellation {unknown}
 g - a potion of curing {unknown}


   Skills:
 + Level 1.7 Dodging
 + Level 2.4 Stealth
 * Level 2.2 Spellcasting
 + Level 4.0 Necromancy


You had 3 spell levels left.
You knew the following spells:

 Your Spells              Type           Power      Damage    Failure   Level
a - Necrotise             Necr           48%        1d6       4%          1

Your spell library contained the following spells:

 Spells                   Type           Power      Damage    Failure   Level
 Vampiric Draining        Necr           12%        2d6       13%         3
 Inner Flame              Hex/Fire       1%         N/A       56%         3
 Animate Dead             Necr           12%        N/A       41%         4
 Agony                    Necr           12%        N/A       77%         5
 Flame Wave               Conj/Fire      1%         2d4       93%         4
 Sticky Flame             Conj/Fire      1%         2d3       93%         4


Dungeon Overview and Level Annotations

Branches:
Dungeon (1/15)

Altars:


Innate Abilities, Weirdness & Mutations

You cannot be hasted, slowed, berserked, paralysed or teleported.
You can dig through walls and to a lower floor.
You have a pair of large antennae on your head. (SInv)
Your four strong arms can wield two-handed weapons with a shield.


Message History

The hobgoblin shouts!
The hobgoblin moves out of view.
A goblin comes into view. It is wielding a +0 club.
The goblin moves out of view.
Found a crooked jewelled staff.
Found 22 gold pieces.
You see here a staff of poison.
i - a staff of poison A quokka comes into view.
i - a staff of poison (weapon)
You hit the hobgoblin.
The hobgoblin is moderately wounded.
The hobgoblin barely misses you.
You barely miss the hobgoblin.
The hobgoblin is moderately wounded.
The hobgoblin closely misses you.
You closely miss the hobgoblin.
The hobgoblin is moderately wounded.
The hobgoblin hits you. x2
You barely miss the hobgoblin.
The hobgoblin is moderately wounded.
The hobgoblin closely misses you.
You barely miss the hobgoblin.
The hobgoblin is moderately wounded.
The hobgoblin closely misses you.
You barely miss the hobgoblin.
The hobgoblin is moderately wounded.
The hobgoblin closely misses you.
You hit the hobgoblin.
You kill the hobgoblin!
You closely miss the quokka. The quokka closely misses you.
The quokka misses you.
You hit the quokka but do no damage. The quokka closely misses you.
You barely miss the quokka. The quokka bites you. The quokka barely misses you.
You barely miss the quokka. The quokka bites you.
You barely miss the quokka. The quokka bites you.
You hit the quokka.
The quokka is heavily wounded.
The quokka bites you. x2
You die...

# ###.#..+{.....#
.... #
#.#.##......# ....
#####.#.##.....!#
.....
......#..#......#
.....
.#######.#...#+##
$$....
.#######.###.#
###......
r#.......# ..
#....#{ .#.#######
####.# .#.#########
#@#
#.##......#####r#
#..............g#
{###.............#
{
#.......#.........
#.........#.#.###..
#.##...#..#.#...
.(.###+##..#.....#
###.. ...#+##..#


You could see a quokka and a goblin.

Vanquished Creatures
  A hobgoblin (D:1)
1 creature vanquished.

Notes
Turn   | Place    | Note
-------+----------+-------------------------------------------
     0 | D:1      | Esekla the Formicid Necromancer began the quest for the
                  | Orb.
     0 | D:1      | Reached XP level 1. HP: 13/13 MP: 3/3
   130 | D:1      | Slain by a quokka

Illustrated notes

Levels and vault maps discovered:
D:1:      minmay_arrival_open_corners, layout_basic

Action                     || total
---------------------------++-------
  Melee: Staff             ||    13
  Dodge: Dodged            ||     9
